cohdb
Replays
Latest Replays
All Replays
Popular Replays
Top Player Replays
Match Explorer
How It Works
Community
CoH3 Stats
Reddit
Sign in to upload your games and track your stats! →
Sign in with Steam
Match 37984541
Unlisted
Match 37984541
Overview
Messages
Build Orders
End
Selects Australian Defense Battlegroup
Selects Australian Light Infantry Section
Australian Light Infantry Section
Construct Section Command Post
Infantry Section
Dingo Light Scout Car
Grenade Package
Construct Platoon Command Post
Selects 2-pounder Anti-tank Gun Team
Unlock M3 Stuart Light Tanks
2-pounder Anti-tank Gun Team
M3 Stuart Light Tank
M3 Stuart Light Tank
[GG]Onkel Stonkel
[GG]Quiq
✠HerrKlingtGut✠
Sturm Arrogant
0
0
Comments
sign in to comment!
No comments posted yet!